 Dungeon Crawl Stone Soup version 0.21-a0-352-g5b8f553 (webtiles) character file.

25 namelastname112 the Sneak (level 3, 0/18 HPs)
             Began as a Vine Stalker Assassin on Oct 11, 2017.
             Slain by a ball python (1 damage)
             ... on level 1 of the Dungeon.
             The game lasted 00:00:54 (404 turns).

namelastname112 the Sneak (Vine Stalker Assassin)    Turns: 404, Time: 00:00:55

Health: 0/18       AC:  3    Str: 13    XL:     3   Next: 4%
Magic:  0/4        EV:  9    Int: 11    God:
Gold:   33         SH:  0    Dex: 16    Spells: 2/2 levels left

rFire    . . .     SeeInvis .   a - +2 dagger
rCold    . . .     Gourm    .   (no shield)
rNeg     . . .     Faith    .   c - +0 robe
rPois    .         Spirit   +   (no helmet)
rElec    .         Reflect  .   d - +0 cloak
rCorr    .         Harm     .   (no gloves)
MR       .....                  (no boots)
Stlth    +++.......             (no amulet)
HPRegen  0.06/turn              (no ring)
MPRegen  0.09/turn              (no ring)

@: constricted
A: fangs 2, magic shield, antimagic bite, no potion heal 3, rot immunity
a: no special abilities


You were on level 1 of the Dungeon.
You were not hungry.

You visited 1 branch of the dungeon, and saw 1 of its levels.

You collected 33 gold pieces.

Inventory:

Hand Weapons
 a - a +2 dagger (weapon)
 b - a +0 blowgun
Missiles
 e - 8 poisoned needles
 f - 2 curare-tipped needles
Armour
 c - a +0 robe (worn)
 d - a +0 cloak (worn)
Scrolls
 h - a scroll of enchant weapon {unknown}
 k - a scroll of random uselessness {unknown}
 l - a scroll of identify {unknown}
Potions
 j - a potion of heal wounds {unknown}
Comestibles
 g - a bread ration
 i - 2 chunks of flesh


   Skills:
 + Level 2.1 Fighting
 + Level 2.1 Short Blades
 - Level 1.7 Throwing
 + Level 0.6 Armour
 + Level 1.1 Dodging
 + Level 5.1 Stealth


You had 2 spell levels left.
You didn't know any spells.

Dungeon Overview and Level Annotations

Branches:
Dungeon (1/15)

Altars:
Okawaru


Innate Abilities, Weirdness & Mutations

You have extremely sharp teeth.
When hurt, damage is shared between your health and your magic reserves.
Your bite disrupts and absorbs the magic of your enemies.
Potions cannot restore your health.
You are immune to rotting.


Message History

You feel agile. The ball python misses you. The ball python barely misses you.
The ball python misses you. x2
You see here a dart slug corpse.
The ball python bites you.
* * * LOW HITPOINT WARNING * * *
The ball python grabs you. The ball python constricts you.
You take 1 damage, and have 1/18 hp.
You now have 0/4 mp.
You escape the ball python's grasp.
You barely miss the ball python. Your bite misses the ball python.
The ball python bites you but does no damage.
The ball python grabs you. The ball python constricts you.
You now have 0/4 mp.
You hit the ball python. Your bite misses the ball python.
The ball python is moderately wounded.
The ball python closely misses you. The ball python constricts you.
You hit the ball python but do no damage.
The ball python is moderately wounded.
The ball python bites you.
You die...

########
#......################
#.####.................
#.# ##################
#.# ######### #.#
########........ #.#
#.g..g........# #.#
#S######.####.# ####.#
#@# #.# #....# #.#
#†### ##.#### #.# #.#%.
#.>[..# #.# #.#.# ##
##.†##.####.######.#.#
.##
#................#?#.#
..#
#...##.####.####.#.#.#
#.## ####...# #.#
#.#.#######
...####.....# #.#
#.wg...w...


You could see a hobgoblin and a ball python.

Vanquished Creatures
  2 oozes (D:1)
  A dart slug (D:1)
  A giant cockroach (D:1)
  5 goblins (D:1)
  3 hobgoblins (D:1)
  A frilled lizard (D:1)
13 creatures vanquished.

Notes
Turn   | Place    | Note
-------+----------+-------------------------------------------
     0 | D:1      | namelastname112 the Vine Stalker Assassin began the quest for the Orb.
     0 | D:1      | Reached XP level 1. HP: 11/11 MP: 2/2
   140 | D:1      | Reached skill level 1 in Dodging
   140 | D:1      | Reached skill level 5 in Stealth
   140 | D:1      | Reached XP level 2. HP: 15/15 MP: 3/3
   361 | D:1      | Found an iron altar of Okawaru.
   390 | D:1      | Reached XP level 3. HP: 1/18 MP: 1/4
   404 | D:1      | Slain by a ball python

Vault maps used:
D:1:      eino_arrival_water_star, okawaru_ov_weapons_minmay

Skill      XL: |  1  2 |
---------------+-------+-----
Dodging        | 1 |  1.1
Stealth        | 5 |  5.1
Fighting       | 2 |  2.1
Short Blades   | 2 |  2.1
Throwing       | |  1.7
Armour         | |  0.6

Action                   || total
-------------------------++-------
Melee: Dagger            ||    44
       Bite              ||     7
 Stab: Sleeping          ||     4
Armor: Robe              ||     7
Dodge: Dodged            ||    24

Table legend:
 A = Spawn XP
 B = Non-spawn XP
 C = Spawn XP percentage of total XP
 D = Spawn monster count
 E = Non-spawn monster count
 F = Spawn count percentage of total count
 G = Total turns spent on level
                    A         B        C        D         E        F      G
               +---------+---------+-------+---------+---------+-------+---------
         Total |       0 |      36 |   0.0 |       0 |      13 |   0.0 |   404
               +---------+---------+-------+---------+---------+-------+---------
           D:1 |       0 |      36 |   0.0 |       0 |      13 |   0.0 |   404
               +---------+---------+-------+---------+---------+-------+---------
